AoeStats
← OffensiveMars

Arena

509362277Analyzed
3v3 RM · 6d ago on Sep 26, 2026· 35m 43s· 6 players
Game mode
Random Map
Map size
Normal (6 player)
Population
200
Speed
Normal
Resources
Standard
Victory
Conquest
Starting age
Dark Age
Ending age
Imperial Age
RankedLock teamsTeams togetherTeam positionsShared explorationLock speedFull tech treeHidden civsTurbo modeCheats
Victory
Defeat
🇬🇧 Inca · United Kingdom
1221
+12
🇺🇸 Chinese · United States
1187
+14
🇺🇸 Saxons · United States
1079
+18
🇺🇸 Bohemians · United States
1175
-16
🇺🇸 Byzantines · United States
1158
-16
🇺🇸 Italians · United States
1065
-12
animaldude69
9:38 Loom
11:23 Feudal Age
19:26 Castle Age
18:18 Fletching
20:22 Double-Bit Axe
21:17 Horse Collar
25:08 Bow Saw
29:39 Wheelbarrow
33:27 Imperial Age
31:36 Gold Mining
32:46 Bodkin Arrow
Dishes Dave
12:37 Feudal Age
15:58 Castle Age
13:57 Double-Bit Axe
20:14 Bow Saw
20:36 Horse Collar
25:42 Forging
25:38 Scale Barding Armor
29:45 Heavy Plow
30:15 Ballistics
29:47 Fletching
29:58 Padded Archer Armor
32:07 Elite Skirmisher
33:03 Thumb Ring
Traeger Guy69
2:55 Loom
10:50 Feudal Age
11:38 Double-Bit Axe
18:08 Castle Age
16:06 Horse Collar
24:30 Wheelbarrow
24:18 Scale Barding Armor
24:45 Heavy Plow
26:37 Bow Saw
32:04 Imperial Age
31:44 Hand Cart
34:36 Cavalier
35:41 Forging
35:51 Chain Barding Armor
Calum1Ltv
6:09 Loom
8:28 Feudal Age
9:05 Double-Bit Axe
9:40 Fletching
12:50 Wheelbarrow
14:20 Horse Collar
24:04 Castle Age
22:49 Stone Mining
23:20 Gold Mining
24:50 Bodkin Arrow
26:22 Guard Tower
29:14 Bow Saw
29:05 Heavy Plow
29:46 Fortified Wall
33:48 Imperial Age
33:24 Masonry
OffensiveMars
0:28 Loom
10:47 Feudal Age
11:19 Double-Bit Axe
12:56 Wheelbarrow
17:24 Castle Age
15:11 Horse Collar
18:39 Heavy Plow
23:32 Arson
23:48 Squires
26:22 Forging
26:13 Scale Mail Armor
29:09 Gambesons
30:40 Chain Mail Armor
31:01 Iron Casting
onesecimpoopin
0:28 Loom
10:54 Feudal Age
14:50 Castle Age
12:40 Double-Bit Axe
12:57 Horse Collar
14:51 Wheelbarrow
14:31 Forging
14:34 Gold Mining
15:40 Squires
15:28 Arson
16:27 Bow Saw
18:54 Heavy Plow
21:26 Scale Mail Armor
22:08 Hand Cart
24:30 Iron Casting
24:33 Gold Shaft Mining
24:35 Chain Mail Armor
31:44 Imperial Age
29:08 Fletching
30:49 Padded Archer Armor
30:44 Bodkin Arrow
32:48 Conscription
32:08 Elite Chu Ko Nu
33:12 Bracer
35:05 Leather Archer Armor
36:21 Ring Archer Armor
Connection lost

Rejoining the realm…

Still unreachable

The connection could not be restored.

Session expired

The server has moved on; the page needs a fresh start.